Map: Fields of Shazir

Players

TheBearDog

  • Race: Terran Terran
  • Spawn Location: 3:00

Flange

  • Race: Terran Terran
  • League: Platinum
  • Spawn Location: 3:00

Metasapien

  • Race: Zerg Zerg
  • League: Gold
  • Spawn Location: 5:00

iamuncooth

  • Race: Zerg Zerg
  • League: Silver
  • Spawn Location: 9:00

Terran

  • Race: Terran Terran
  • Spawn Location: 9:00

Slacker

  • Race: Zerg Zerg
  • Spawn Location: 7:00

VOD

Have the link to the VOD?

Description

Time

  • Played on: Sept. 16, 2017, 4:32 p.m.
  • Length: 13:39
Show
View Real Time Build Order
Export as new Build Order

TheBearDog Terran 

Build Orders:  

Get SALT Encoding   

  12  0:06  SCV  
  13  0:21  Supply Depot  
  13  0:23  SCV  
  14  0:35  SCV  
  15  0:50  Barracks  
  15  0:51  SCV  
  16  1:03  SCV  
  17  1:04  Barracks  
  17  1:11  Refinery  
  17  1:15  SCV  
  18  1:23  Supply Depot  
  18  1:27  SCV  
  19  1:39  SCV  
  20  1:41  Barracks  
  20  1:49  Marine  
  21  2:02  Barracks Tech Lab  
  21  2:18  Orbital Command  
  21  2:25  Marine x2  
  23  2:30  Barracks Reactor  
  23  2:43  Marine x2  
  25  3:01  Marine x2  
  24  3:09  Marine x2  
  26  3:19  Marine  
  28  3:21  Barracks Reactor  
  28  3:26  Marine  
  28  3:27  Marine  
  28  3:28  Barracks  
  28  3:33  Factory  
  29  3:37  Marine  
  29  3:40  Supply Depot  
  30  3:44  Marine x2  
  32  3:51  Combat Shields  
  32  3:54  Marine  
  33  3:58  Refinery  
  33  3:59  SCV  
  33  4:02  Marine  
  35  4:04  Supply Depot  
  35  4:11  SCV  
  27  4:23  SCV  
  28  4:57  Barracks Reactor  
  28  4:59  Marine x5  
  33  5:08  SCV  
  34  5:15  Factory Tech Lab  
  34  5:16  Marine  
  34  5:17  Marine x4  
  34  5:20  SCV  
  40  5:34  Starport  
  40  5:57  Marine x4  
  40  5:58  Marine x3  
  47  6:15  Marine x2  
  49  6:57  Command Center  
  49  7:04  Starport Tech Lab  
  49  7:08  Starport  
  49  7:10  Siege Tank  
  52  7:40  Raven  
  54  7:50  Siege Tank  
  57  7:52  Starport Reactor  
  57  7:55  Supply Depot  
  57  8:10  Orbital Command  
  57  8:13  SCV  
  58  8:25  SCV  
  59  8:31  Medivac  
  59  8:32  Medivac  
  63  8:42  SCV x2  
  65  8:54  SCV x2  
  67  9:09  Command Center  
  67  9:15  SCV x2  
  69  9:24  Refinery  
  69  9:27  Refinery, SCV x2  
  71  9:36  Engineering Bay  
  71  9:48  Armory  
  71  9:56  SCV  
  71  9:57  SCV  
  73  10:03  Engineering Bay  
  73  10:09  SCV  
  74  10:17  Supply Depot  
  74  10:24  High Capacity Fuel Tanks  
  74  10:39  Supply Depot  
  74  10:40  Stimpack  
  74  10:44  Marine x5  
  74  10:45  Marine x2  
  81  11:02  Supply Depot, Marine x6  
  81  11:03  Marine  
  78  11:22  Marine x3  
  78  11:23  Marine x4  
  78  11:25  Supply Depot  
  85  11:37  Orbital Command  
  76  11:40  Marine x4  
  76  11:41  Marine x3  
  76  11:45  Siege Tank  
  86  11:58  Marine x2  
  88  12:09  SCV x3  
  91  12:17  Siege Tank  
  91  12:21  SCV x2, Marine  
  91  12:22  Marine x6  
  103  12:39  Marine  
  104  12:49  Siege Tank  
  107  13:08  Medivac x2  
  107  13:11  Marine x2  
  107  13:12  Marine x5  
Show
View Real Time Build Order
Export as new Build Order

Flange Terran 

Build Orders: Reaper Expand 

Get SALT Encoding   

  12  0:01  SCV  
  13  0:14  Supply Depot  
  13  0:18  SCV  
  14  0:30  SCV  
  15  0:40  Barracks  
  15  0:42  SCV  
  16  0:49  Refinery  
  16  0:56  SCV  
  17  1:13  SCV  
  18  1:25  SCV  
  18  1:32  Reaper  
  20  1:39  Command Center  
  20  1:43  SCV  
  21  1:47  Refinery  
  21  1:58  Supply Depot  
  21  1:59  SCV  
  22  2:10  Barracks  
  22  2:14  SCV  
  23  2:26  SCV  
  24  2:36  Barracks Tech Lab  
  23  3:01  Marine  
  23  3:02  Marine  
  23  3:03  Orbital Command  
  25  3:08  Factory  
  25  3:20  Combat Shields, Marauder  
  25  3:23  Orbital Command  
  27  3:34  Factory  
  27  3:38  SCV  
  28  3:52  Starport  
  28  3:58  Factory Tech Lab  
  28  3:59  Barracks Reactor  
  28  4:01  SCV x2  
  30  4:05  Engineering Bay  
  30  4:13  SCV  
  31  4:22  Refinery  
  31  4:28  Factory Reactor  
  31  4:34  Factory Tech Lab  
  31  4:36  Marauder, Marine  
  31  4:37  Marine  
  31  4:38  SCV x2  
  37  4:40  Factory Tech Lab  
  37  4:44  Missile Turret  
  37  4:46  Missile Turret  
  37  4:48  Cloaking Field  
  37  4:55  Banshee  
  37  4:56  SCV  
  37  4:58  SCV  
  42  5:08  SCV  
  42  5:10  SCV  
  44  5:20  Refinery, SCV  
  45  5:25  Supply Depot  
  45  5:26  Missile Turret  
  45  5:30  Marine  
  45  5:35  Supply Depot  
  46  5:40  Armory  
  46  5:42  Terran Infantry Weapons Level 1  
  46  5:46  Siege Tank, Marauder, SCV, Marine  
  53  5:51  Supply Depot  
  53  5:55  SCV  
  54  5:57  Siege Tank  
  57  6:05  Medivac  
  57  6:06  Marine x2  
  45  6:51  Marine  
  45  6:52  Marine  
  42  7:02  Siege Tank x2  
  41  7:09  Marine x2  
  20  7:27  Marine x2  
  22  7:34  Siege Tank  
  25  7:45  Marine x2  
  25  7:49  Terran Infantry Armor Level 1  
  28  7:51  SCV  
  28  7:52  Terran Vehicle Weapons Level 1  
  28  8:02  Marine  
  28  8:03  Marine  
  30  8:13  SCV x2  
  32  8:20  Marine  
  32  8:21  Marine  
  32  8:25  SCV x2  
  35  9:12  SCV x2  
  37  9:18  Marine x2  
  39  9:24  SCV  
  39  9:26  Command Center  
  40  9:36  Marine x2  
  42  9:39  Barracks, Supply Depot  
  42  9:40  Barracks  
  35  9:54  Marine  
  36  10:01  SCV x2  
  36  10:05  Marine  
  39  10:19  SCV  
  40  10:29  Raven  
  42  10:41  Supply Depot  
  42  10:52  Marine  
  43  11:11  Orbital Command  
  43  11:12  Medivac  
  43  11:13  SCV x2  
  43  11:18  Barracks Reactor  
  47  11:25  Terran Vehicle And Ship Armor Level 1, SCV  
  48  11:29  Barracks Tech Lab  
  48  11:34  SCV  
  48  11:37  Supply Depot  
  49  11:40  Missile Turret  
  49  12:14  Missile Turret  
  49  12:16  Marine  
  49  12:17  Missile Turret, Marauder, Marine x2  
  49  12:18  Missile Turret x2  
  54  12:23  SCV  
  55  12:30  SCV  
  55  12:32  SCV  
  57  12:39  Viking  
  59  12:53  SCV  
  59  12:54  Starport  
  60  13:10  Barracks Reactor  
  60  13:12  Starport  
Show
View Real Time Build Order
Export as new Build Order

Metasapien Zerg 

Build Orders: Hatch First 

Get SALT Encoding   

  12  0:01  Drone  
  13  0:12  Drone  
  14  0:18  Overlord  
  14  0:22  Extractor  
  14  0:24  Extractor  
  14  0:27  Drone  
  13  0:32  Drone  
  16  0:40  Drone  
  17  0:49  Drone  
  18  0:59  Drone  
  19  1:06  Hatchery  
  18  1:11  Extractor  
  17  1:22  Spawning Pool  
  17  1:23  Drone  
  17  1:28  Drone  
  18  1:36  Drone  
  19  1:41  Drone  
  20  1:50  Overlord  
  20  2:12  Drone  
  20  2:13  Zergling x2  
  20  2:14  Queen  
  24  2:20  Drone  
  25  2:23  Zergling x2  
  26  2:30  Spine Crawler  
  26  2:32  Zergling x2  
  26  2:35  Spine Crawler  
  25  2:38  Zergling x2  
  25  2:42  Zergling x2  
  27  2:57  Drone  
  27  2:58  Zergling x2  
  29  3:01  Metabolic Boost  
  29  3:15  Zergling x2  
  30  3:25  Overlord  
  30  3:29  Overlord  
  30  3:36  Roach Warren  
  30  3:38  Drone x2, Extractor  
  30  4:01  Hatchery  
  29  4:17  Overlord x2  
  29  4:34  Drone x2  
  29  4:35  Drone, Roach x3  
  38  5:10  Lair  
  38  5:14  Queen  
  38  5:15  Drone  
  38  5:19  Drone  
  38  5:20  Zergling x8  
  46  5:25  Ravager  
  46  5:26  Ravager  
  48  5:33  Roach x2  
  52  5:41  Drone  
  52  5:42  Drone x3  
  56  5:48  Overlord  
  56  5:51  Overlord  
  56  5:58  Drone  
  57  6:07  Drone  
  58  6:18  Drone  
  58  6:25  Overlord, Drone  
  60  6:26  Roach x3  
  60  6:29  Overseer  
  66  6:34  Hydralisk Den  
  66  6:36  Glial Reconstitution  
  65  6:41  Drone  
  65  6:42  Drone x2  
  65  6:47  Evolution Chamber  
  67  6:49  Drone  
  67  6:50  Evolution Chamber  
  67  7:07  Overlord  
  67  7:08  Overlord x2  
  67  7:11  Infestation Pit  
  67  7:12  Spine Crawler  
  61  7:50  Drone  
  61  7:51  Drone x4  
  65  7:54  Extractor  
  65  8:00  Extractor  
  64  8:05  Pneumatized Carapace  
  64  8:08  Queen  
  64  8:09  Hatchery  
  69  8:12  Roach  
  69  8:13  Roach x6  
  69  8:14  Roach  
  81  8:24  Zerg Missile Weapons Level 1  
  81  8:25  Drone  
  81  8:26  Drone x2  
  84  8:29  Drone x3  
  87  8:38  Zerg Ground Armor Level 1  
  87  8:55  Hive  
  87  8:58  Overlord x3  
  87  9:04  Overseer  
  87  9:05  Overlord  
  87  9:09  Hydralisk  
  89  9:34  Drone x2  
  89  9:36  Drone x6  
  89  9:37  Hydralisk x2  
  101  9:39  Overlord  
  101  9:47  Muscular Augments  
  101  9:59  Extractor  
  100  10:01  Extractor  
  100  10:02  Drone x2  
  100  10:06  Spire  
  100  10:26  Drone x3  
  100  10:28  Drone x3  
  105  10:31  Viper x2, Hydralisk x3  
  118  10:48  Zerg Missile Weapons Level 2  
  118  10:53  Hydralisk  
  118  10:54  Roach  
  118  10:55  Roach x4  
  131  10:57  Roach  
  116  11:46  Drone  
  113  11:49  Queen  
  113  11:50  Queen  
  99  12:06  Drone x3  
  99  12:07  Drone  
  103  12:10  Overlord x3  
  103  12:13  Overseer  
  103  12:15  Hydralisk x3  
  98  12:16  Hydralisk x4  
  98  12:22  Overseer x2  
  112  12:23  Overseer  
  110  12:41  Overseer  
  110  13:03  Overseer  
  110  13:08  Overseer  
  110  13:12  Hydralisk x2  
  110  13:13  Hydralisk x3  
Show
View Real Time Build Order
Export as new Build Order

iamuncooth Zerg 

Build Orders: Pool First 

Get SALT Encoding   

  12  0:04  Drone  
  13  0:12  Drone  
  14  0:20  Extractor  
  13  0:33  Spawning Pool  
  13  0:35  Drone  
  13  0:40  Drone  
  14  0:56  Overlord  
  14  1:15  Drone x3  
  17  1:19  Queen  
  19  1:28  Metabolic Boost  
  19  1:34  Drone  
  20  1:45  Drone, Extractor  
  20  1:48  Zergling x2  
  21  2:00  Drone  
  22  2:16  Overlord  
  22  2:35  Drone, Hatchery  
  22  2:36  Drone x2  
  24  2:38  Drone  
  25  3:00  Zergling x4  
  25  3:01  Zergling x6  
  30  3:13  Lair  
  30  3:27  Overlord x2  
  30  3:49  Zergling x2  
  30  3:50  Zergling x8  
  35  3:55  Evolution Chamber  
  35  3:59  Drone, Evolution Chamber  
  35  4:02  Evolution Chamber  
  33  4:03  Drone  
  34  4:20  Drone x2  
  34  4:22  Hydralisk Den  
  34  4:23  Drone  
  36  4:41  Baneling Nest  
  36  4:45  Drone x3  
  38  4:46  Drone  
  38  4:50  Drone  
  40  5:02  Drone  
  40  5:03  Drone x2  
  40  5:06  Extractor  
  42  5:08  Extractor  
  42  5:12  Queen  
  43  5:22  Muscular Augments  
  43  5:26  Drone  
  44  5:28  Overlord  
  44  5:48  Drone x6  
  44  5:49  Drone x2  
  52  5:55  Centrifical Hooks  
  52  6:09  Overlord, Infestation Pit  
  51  6:50  Drone x4  
  51  6:51  Drone x6  
  59  7:08  Overlord x2  
  59  7:09  Overlord x4  
  53  7:33  Hydralisk x4  
  58  7:52  Zerg Missile Weapons Level 1  
  58  7:53  Zerg Melee Weapons Level 1  
  58  7:55  Zerg Ground Armor Level 1  
  58  8:00  Hatchery, Hydralisk x3  
  58  8:01  Hydralisk  
  65  8:05  Hive  
  65  8:11  Hatchery  
  64  8:31  Drone x4  
  64  8:32  Drone x5  
  73  8:55  Drone x4  
  77  9:07  Hydralisk x2  
  81  9:23  Zergling x4  
  81  9:24  Zergling x8  
  85  9:25  Nydus Network  
  85  9:30  Queen  
  88  9:32  Drone x2  
  88  9:33  Drone x2  
  88  9:36  Extractor  
  91  9:38  Queen, Extractor  
  92  9:50  Hydralisk x4  
  92  9:51  Hydralisk x6  
  112  10:20  Hydralisk x2  
  112  10:21  Hydralisk x2  
  116  10:27  Nydus Canal  
  120  10:39  Overlord x3  
  120  10:40  Overlord x4  
  120  10:47  Ultralisk Cavern  
  102  11:18  Hydralisk x3  
  102  11:19  Hydralisk x6  
  102  11:20  Hydralisk x3  
  126  11:40  Hydralisk x4  
  126  11:43  Ultralisk x3  
  126  11:44  Ultralisk  
  158  11:58  Chitinous Plating  
  158  12:01  Ultralisk x2  
  170  12:03  Overlord  
  170  12:04  Overlord x7  
  170  12:11  Drone x3  
  173  12:33  Ultralisk x3  
  173  12:34  Ultralisk  
  173  12:35  Zergling x2  
Show
View Real Time Build Order
Export as new Build Order

Terran Terran 

Build Orders:  

Get SALT Encoding   

  12  0:02  SCV  
  13  0:18  Supply Depot  
  13  0:22  Refinery  
  13  0:25  SCV  
  14  0:37  SCV  
  15  0:46  Barracks  
  15  0:49  SCV  
  16  0:57  Refinery  
  16  1:06  SCV  
  17  1:24  SCV  
  18  1:35  Supply Depot  
  18  1:44  Factory  
  18  1:51  Orbital Command  
  18  2:11  Barracks Tech Lab  
  18  2:14  Supply Depot  
  18  2:17  SCV  
  19  2:41  Siege Tank  
  19  2:43  Marine  
  23  2:50  SCV  
  24  2:52  Engineering Bay  
  24  3:03  Ghost Academy  
  24  3:04  Marine  
  25  3:13  Siege Tank  
  25  3:16  SCV  
  29  3:29  Barracks Tech Lab  
  29  3:34  SCV  
  29  3:37  Personal Cloaking  
  30  3:49  Ghost  
  32  4:04  Ghost Academy  
  32  4:05  Missile Turret  
  32  4:11  Missile Turret  
  32  4:30  SCV  
  33  4:34  Nuke  
  33  4:38  Ghost Academy  
  33  4:44  SCV  
  34  4:46  Marine  
  35  5:02  Nuke  
  35  5:09  Nuke  
  35  5:24  Command Center  
  35  5:31  Supply Depot  
  35  5:35  Widow Mine  
  35  5:40  SCV  
  38  5:59  Missile Turret  
  38  6:07  Missile Turret  
  38  6:09  Missile Turret  
  38  6:18  Nuke  
  35  6:27  Marine  
  36  6:45  Marine  
  36  6:46  Nuke  
  35  7:03  Marine  
  36  7:20  Refinery  
  36  7:22  Starport x2  
  36  7:27  Refinery  
  36  7:28  Ghost  
  38  7:33  SCV  
  39  7:45  SCV  
  39  7:48  Orbital Command  
  40  7:57  SCV  
  41  7:59  Medivac  
  41  8:00  Starport Reactor  
  43  8:08  Missile Turret  
  43  8:09  SCV  
  44  8:14  Ghost  
  46  8:21  SCV x2  
  46  8:22  Liberator  
  48  8:28  Liberator  
  53  8:43  Liberator  
  54  9:04  Liberator  
  54  9:17  Missile Turret  
  57  9:26  SCV x2  
  59  9:38  SCV  
  59  9:41  Refinery  
  60  9:46  Liberator x2  
  60  9:53  Missile Turret  
  60  10:06  Missile Turret  
  66  10:19  Liberator  
  66  10:35  Sensor Tower  
  66  10:40  Supply Depot  
  66  10:42  Supply Depot  
  69  10:45  Liberator  
  69  10:58  Command Center  
  69  11:01  Starport Reactor  
  69  11:02  Liberator  
  72  11:10  SCV x2  
  74  11:22  SCV x2  
  79  11:27  Liberator  
  79  11:34  SCV x2  
  81  11:43  Nuke  
  81  11:44  Liberator  
  84  12:01  Nuke  
  87  12:10  Liberator  
  87  12:13  Supply Depot  
  87  12:20  Nuke  
  87  12:27  Liberator  
  90  12:32  Supply Depot  
  90  12:36  Nuke  
  90  12:43  Supply Depot  
  90  12:47  Orbital Command  
  91  13:01  Ghost  
  102  13:19  Supply Depot  
  102  13:25  Supply Depot  
  102  13:31  Supply Depot  
Show
View Real Time Build Order
Export as new Build Order

Slacker Zerg 

Build Orders: Pool First 

Get SALT Encoding   

  12  0:01  Drone  
  13  0:11  Extractor  
  13  0:12  Drone  
  13  0:16  Drone  
  14  0:35  Spawning Pool  
  14  0:40  Drone  
  14  0:48  Overlord  
  14  1:22  Queen  
  14  1:23  Zergling x2  
  14  1:24  Zergling x4  
  19  1:28  Metabolic Boost  
  19  1:49  Zergling x4  
  21  1:56  Zergling x2  
  22  2:15  Hatchery  
  21  2:28  Overlord  
  21  2:47  Zergling x6  
  21  2:48  Zergling x4  
  21  3:18  Zergling x4  
  21  3:19  Zergling x6  
  25  3:24  Baneling Nest  
  24  3:30  Zergling x2  
  25  3:45  Queen  
  27  3:51  Drone  
  21  4:30  Zergling x4  
  21  4:31  Zergling x2  
  24  4:41  Drone x5  
  29  4:47  Drone  
  30  4:56  Drone  
  31  5:01  Drone x2  
  31  5:05  Drone  
  35  5:28  Zergling x4  
  35  5:31  Overlord x3  
  35  5:42  Lair  
  35  5:52  Roach Warren  
  34  5:57  Drone x3  
  34  6:03  Drone x2  
  39  6:07  Drone  
  39  6:08  Drone  
  39  6:11  Drone  
  42  6:17  Spore Crawler  
  41  6:21  Spore Crawler  
  40  6:44  Zergling x2  
  40  6:45  Zergling x10  
  46  6:48  Zergling x10  
  46  6:49  Zergling x2  
  52  7:19  Roach  
  52  7:20  Roach x2  
  52  7:22  Overlord x3  
  48  7:49  Roach x3  
  48  7:50  Roach x3  
  60  7:54  Roach x6  
  72  8:02  Glial Reconstitution  
  72  8:06  Hydralisk Den  
  72  8:08  Extractor  
  72  8:09  Drone  
  71  8:17  Extractor  
  71  8:18  Drone x2, Extractor  
  71  8:19  Drone x3  
  74  8:24  Drone x2  
  76  8:52  Zergling x12  
  82  8:55  Overlord x2  
  82  8:56  Overlord x2  
  71  9:24  Zergling x10  
  71  9:26  Centrifical Hooks  
  71  9:28  Zergling x2  
  71  9:29  Zergling x10  
  81  9:42  Baneling x2  
  81  9:43  Baneling x7  
  81  9:44  Baneling x2  
  81  9:48  Hatchery  
  80  9:53  Drone x3  
  80  9:54  Drone x2  
  85  10:05  Baneling x2  
  85  10:06  Baneling x4  
  85  10:18  Overseer  
  85  10:19  Overseer  
  85  10:37  Zergling x6  
  85  10:38  Zergling x6  
  85  10:40  Zergling x4  
  85  10:41  Zergling x12  
  99  10:44  Baneling  
  99  10:45  Baneling x3  
  99  10:47  Baneling x2  
  99  10:49  Baneling  
  99  10:50  Baneling x2  
  99  10:52  Baneling  
  99  10:53  Baneling  
  99  10:54  Baneling  
  99  10:55  Baneling  
  99  10:56  Baneling  
  99  10:58  Baneling x2  
  99  11:00  Baneling  
  99  11:07  Baneling x4  
  99  11:08  Baneling x2  
  70  12:00  Queen  
  72  12:01  Zergling x2  
  72  12:02  Zergling x4  
  72  12:05  Zergling x10  
  80  12:08  Hydralisk x3  
  80  12:09  Hydralisk x3  
  80  12:12  Muscular Augments  
  92  12:21  Infestation Pit  
  91  12:39  Hydralisk x3  
  91  12:40  Hydralisk x2  
  101  12:48  Baneling x7  
  101  12:49  Baneling x4  
  101  12:50  Baneling  
Tags
 
Add a new tag
Caveats
  • Supply blocks, unpowered buildings, or Contaminate may cause inaccurate times.
  • Supply counts are checked every 10 seconds.